 Dungeon Crawl Stone Soup version 0.30-a0-377-g5cb311bc9f (webtiles) character file.

Game seed: 3372765354627866416

166600 KennySheep the Tortoise (level 18, -6/120 (122) HPs)
             Began as a Djinni Conjurer on Nov 30, 2022.
             Was the Champion of Makhleb.
             Killed from afar by a merfolk aquamancer (33 damage)
             ... with a shard of ice
             ... on level 4 of the Shoals on Dec 1, 2022.
             The game lasted 01:43:01 (29177 turns).

KennySheep the Tortoise (Djinni Conjurer)          Turns: 29177, Time: 01:43:02

HP:   -6/120 (122)  AC: 40    Str: 27    XL:     18   Next: 53%
Gold: 2474          EV:  9    Int: 25    God:    Makhleb [******] SH:  0 Dex: 13

rFire   + + +      SeeInvis +    a - +9 executioner's axe (spect)
rCold   . . .      Faith    .    (shield currently unavailable)
rNeg    . . .      Spirit   .    P - +13 crystal plate armour of Orim {*Corrode rPois Will- Str+7}
rPois   ∞          Reflect  .    F - +0 hat
rElec   .          Harm     .    J - scarf {rC+ rF+}
rCorr   .          Rampage  .    n - +0 pair of gloves
Will    .....                    (boots unavailable)
Stlth   ..........               r - amulet of regeneration
HPRegen 1.20/turn                C - +6 ring of strength
MPRegen 0.00/turn                z - +6 ring of strength

@: about to teleport, flying, lightly drained
A: sickness immunity, fire resistance 2, cold vulnerability 1, float, innate
caster, HP casting, extra vitality 1, see invisible, sense surroundings 1
a: Renounce Religion, Minor Destruction, Lesser Servant of Makhleb, Major
Destruction, Greater Servant of Makhleb


You were on level 4 of the Shoals.
You worshipped Makhleb.
Makhleb was exalted by your worship.
You visited 6 branches of the dungeon, and saw 31 of its levels.
You visited 1 bazaar.
You also visited: Bailey.

You collected 3493 gold pieces.
You spent 1019 gold pieces at shops.

Inventory:

Hand Weapons
 a - a +9 spectral executioner's axe (weapon)
Missiles
 O - a throwing net
Armour
 n - a +0 pair of gloves (worn)
 F - a +0 hat (worn)
 J - a scarf of resistance (worn)
 P - the +13 crystal plate armour of Orim (worn) {*Corrode rPois Will- Str+7}
   (You acquired it in a bailey)

   Str:       It affects your strength (+7).
   rPois:     It protects you from poison.
   *Corrode:  It may corrode you when you take damage.
   Will:      It decreases your willpower.
Jewellery
 p - the ring of Puwuyry Oxia {AC+4 Dex+6}
   (You found it on level 4 of the Dungeon)

   [ring of protection]

   AC:        It affects your AC (+4).
   Dex:       It affects your dexterity (+6).
 r - an amulet of regeneration (around neck)
 t - a ring of protection from fire
 v - a +6 ring of dexterity
 z - a +6 ring of strength (right hand)
 C - a +6 ring of strength (left hand)
 N - a ring of willpower
 V - a +4 ring of slaying
 W - an amulet of faith
Wands
 f - a wand of paralysis (33)
 i - a wand of flame (9)
 w - a wand of acid (16)
 B - a wand of roots (35)
 G - a wand of polymorph (8)
 I - a wand of mindburst (22)
Scrolls
 b - 5 scrolls of magic mapping
 c - 4 scrolls of noise
 d - 3 scrolls of teleportation
 e - 8 scrolls of vulnerability
 l - 2 scrolls of torment
 o - 8 scrolls of fear
 y - 4 scrolls of enchant armour
 D - 2 scrolls of brand weapon
 H - 3 scrolls of summoning
 K - 3 scrolls of immolation
 M - 2 scrolls of silence
 Q - 10 scrolls of identify
 R - 2 scrolls of poison
 U - a scroll of fog {unknown}
Potions
 g - 13 potions of curing
 h - 6 potions of degeneration
 j - 7 potions of haste
 k - 2 potions of might
 m - 4 potions of flight
 q - 7 potions of magic
 s - 2 potions of ambrosia
 u - 3 potions of attraction
 x - 4 potions of brilliance
 A - 5 potions of invisibility
 L - 2 potions of resistance
 S - 2 potions of cancellation


   Skills:
 - Level 9.0 Fighting
 - Level 10.4 Axes
 + Level 18.3 Armour
 - Level 8.8 Dodging
 - Level 1.5 Stealth
 * Level 15.2 Spellcasting


You had 2 spell levels left.
You knew the following spells:

 Your Spells              Type           Power      Damage    Failure   Level
a - Magic Dart            Conj           100%       1d8       1%          1
b - Searing Ray           Conj           100%       2d8       1%          2
c - Iskenderun's Mystic   Conj/Tloc      76%        2d15      1%          4
d - Fulminant Prism       Conj/Hex       38%        3d17      1%          4
e - Dazzling Flash        Conj/Hex       100%       N/A       1%          3
f - Kiss of Death         Conj/Necr      100%       2d13      1%          1
g - Scorch                Fire           100%       2d10      1%          2
h - Static Discharge      Conj/Air       100%       2-7/arc   1%          2
i - Sticky Flame          Conj/Fire      76%        2d9       1%          4
j - Irradiate             Conj/Tmut      38%        3d24      2%          5
k - Silence               Hex/Air        38%        N/A       2%          5
l - Summon Cactus Giant   Summ           38%        N/A       13%         6
z - Death Channel         Necr           38%        N/A       13%         6
Your spell library was empty.

Dungeon Overview and Level Annotations

Branches:
Dungeon (15/15)            Temple (1/1) D:6            Lair (5/5) D:10
 Shoals (4/4) Lair:3       Spider (4/4) Lair:2        Slime (0/5) Lair:5
    Orc (2/2) D:11            Elf (0/3) Orc:2        Vaults (0/5) D:14
 Depths (0/4) D:15         Bailey (visited)

Altars:
Ashenzari
Cheibriados
Dithmenos
Elyvilon
Fedhas
Gozag
Hepliaklqana
Makhleb
Nemelex Xobeh
Okawaru
Qazlal
Ru
Trog
Uskayaw
Wu Jian
Xom
Yredelemnul
Zin
The Shining One
Jiyva

Shops:
D:3 (   D:6 *   Orc:2 [([(*

Annotations:
D:7 1 runed translucent door
D:12 1 runed translucent door, lokiplouj's ghost, journeyman MiBe
D:13 Rupert
D:14 2 runed translucent doors, exclusion: orange crystal statue


Innate Abilities, Weirdness & Mutations

You are immune to sickness and miasma.
You are immune to poison.
Your flesh is very heat resistant. (rF++)
You are vulnerable to cold. (rC-)
You float through the air rather than walking.
You learn spells naturally, not from books.
Your magical power is your life essence.
You have superior vitality. (+4 MHP)
You have supernaturally acute eyesight. (SInv)
You passively map a small area around you.


Message History

The merfolk javelineer throws a silver javelin.
The silver javelin pierces through you but does no damage.
The silver sears you!
The merfolk impaler moves out of view.
As you read the scroll of teleportation, it crumbles to dust.
You feel strangely unstable.
The merfolk javelineer throws a silver javelin.
The silver javelin pierces through you but does no damage.
The silver sears you!
An alligator snapping turtle comes into view.
The alligator snapping turtle hisses angrily.
The merfolk javelineer throws a silver javelin.
The silver javelin pierces through you!
* * * LOW HITPOINT WARNING * * *
The silver sears you!
* * * LOW HITPOINT WARNING * * *
The air elemental hits you but does no damage.
The merfolk siren chants a haunting song.
You are mesmerised by the merfolk siren!
The alligator snapping turtle moves out of view.
Okay, then.
As you read the scroll of fear, it crumbles to dust.
You assume a fearsome visage.
The air elemental is unaffected.
The merfolk javelineer looks frightened!
The merfolk siren looks frightened!
The merfolk siren stops singing.
You break out of your daze!
The air elemental hits you but does no damage.
The air elemental barely misses you.
The merfolk javelineer gives up.
A water elemental comes into view.
Your surroundings seem slightly different.
A merfolk aquamancer and a water nymph come into view.
The merfolk aquamancer is wielding a +2 rapier of venom.
The merfolk aquamancer shouts!
The water nymph shouts!
The water elemental moves out of view.
As you read the scroll of teleportation, it crumbles to dust.
You feel strangely unstable.
Cornered, the manticore turns to fight!
The air elemental barely misses you.
The merfolk aquamancer points at you and mumbles some strange words.
The shard of ice hits you!!
You die...

~ #..~~~..#, , .
#.,#.#~#~..# #..
#..#[.~~~#.#~~~~.
~ *#..#.~~.~~.#
~~ ~ ~ ~ ~ *
..#.~.##~~#~# ~
,...~~#~~~~~# ~
...~~..~~~~#
,E#.~...~~#~# ~ ,
~ * #@E~.~~.#~~~
~ ~ ~
#.~~~~#.#~~mt
#..~~~~.# ~~#..
#H.~~~..# ~.# . ,
,,#.~~~m..# .# ~
#~m#~~..# ~
,#~~~....# *
#8~~..H8# * * ~~


You could see a merfolk aquamancer, 2 manticores, a water nymph and an air
elemental.

Vanquished Creatures
  An emperor scorpion (Spider:2)
  3 ghost moths
  An orc warlord (Bailey)
  2 broodmothers
  A very ugly thing (D:15)
  A spark wasp (Spider:2)
  A merfolk javelineer (Shoals:1)
  5 entropy weavers
  2 merfolk impalers
  A catoblepas (D:15)
  2 hydras
  A rakshasa (D:15)
  Erolcha (D:12)
  2 ice dragons
  A radroach (Spider:2)
  3 merfolk avatars
  A boulder beetle (Spider:3)
  5 ogre magi
  17 two-headed ogres
  A centaur warrior (D:15)
  3 tengu warriors (D:15)
  Urug (D:12)
  Nergalle (Lair:1)
  6 sea snakes
  3 steelbarb worms
  5 pharaoh ants
  A glowing orange brain (D:15)
  6 orb spiders
  3 lindwurms
  An orange crystal statue (D:11)
  21 harpies
  A necromancer (D:14)
  3 deep elf pyromancers (D:14)
  3 orc knights
  6 wolf spiders
  4 fauns
  9 ugly things
  5 manticores
  Maurice (D:10)
  A cyclops (D:15)
  A water nymph (Shoals:4)
  A black mamba (Lair:1)
  2 moths of wrath
  4 merfolk sirens
  The ghost of LnG the Covert, a novice KoSu (D:6)
  13 elephants
  A gargoyle (D:7)
  An ice statue (Lair:4)
  Joseph (D:8)
  5 torpor snails (Lair:5)
  7 cane toads
  An unseen horror (shapeshifter) (D:14)
  5 demonic crawlers
  An efreet (D:14)
  A rime drake (Lair:5)
  3 unseen horrors
  6 kobold demonologists
  4 komodo dragons
  3 trolls
  2 polar bears
  3 tyrant leeches (Lair:5)
  2 wind drakes (Shoals:1)
  Grinder (D:6)
  3 meliai (D:13)
  16 hornets
  5 blink frogs (Lair:3)
  9 merfolk
  14 tarantellas
  10 dream sheep
  2 snapping turtles
  Prince Ribbit (D:6)
  3 slime creatures (D:15)
  6 spriggans (Lair:1)
  3 wyverns
  16 culicivoras
  8 jumping spiders
  3 vampires
  An air elemental (Shoals:4)
  2 shadows
  A water elemental (Shoals:4)
  50 yaks
  Grum (D:11)
  2 wraiths
  29 redbacks
  2 basilisks
  A steam dragon (D:9)
  A warg (Orc:2)
  3 swamp worms (Lair:3)
  13 water moccasins
  2 black bears
  5 ice beasts
  32 orc warriors
  4 sky beasts
  A tengu (shapeshifter) (D:15)
  27 ogres
  20 wolves
  3 boggarts (D:14)
  4 centaurs
  A nameless horror (Shoals:1)
  7 kobold brigands
  Blork the orc (D:4)
  12 bullfrogs
  6 scorpions
  A gnoll sergeant (D:5)
  A necrophage (D:6)
  8 wights (D:8)
  4 jellies
  10 killer bees
  A vampire bat (Orc:1)
  5 electric eels
  8 howler monkeys
  A hound (D:5)
  9 orc priests
  5 iguanas
  3 iron imps (D:9)
  23 orc wizards
  16 gnolls
  10 adders
  A shadow imp (D:8)
  A white imp (Lair:4)
  5 worms
  4 dart slugs
  52 orcs
  13 bats
  3 endoplasms
  14 giant cockroaches
  21 goblins
  21 hobgoblins
  3 jackals (D:2)
  17 kobolds
  3 quokkas
  7 ball pythons
  3 frilled lizards
  A goblin zombie (D:7)
  5 rats
  A fulminant prism (Spider:2)
815 creatures vanquished.

Vanquished Creatures (collateral kills)
  9 harpies (Shoals:2)
  2 manticores
  A merfolk siren (Shoals:1)
  A merfolk (Shoals:2)
  A tarantella (Spider:4)
  A culicivora (Spider:4)
15 creatures vanquished.

Vanquished Creatures (others)
  A demonic crawler (Spider:2)
  59 fulminant prisms
  24 fungi
  79 plants
163 creatures vanquished.

Grand Total: 993 creatures vanquished

Notes
Turn   | Place    | Note
-------+----------+-------------------------------------------
     0 | D:1      | KennySheep the Djinni Conjurer began the quest for the Orb.
     0 | D:1      | KennySheep set off with the following spells memorised:
                  | Magic Dart, Searing Ray, Dazzling Flash, Fulminant Prism,
                  | Iskenderun's Mystic Blast.
     0 | D:1      | Reached XP level 1. HP: 15/15 MP: 0/0
   134 | D:1      | Reached XP level 2. HP: 16/21 MP: 0/0
  1016 | D:2      | Reached XP level 3. HP: 21/25 MP: 0/0
  1016 | D:2      | Learned a level 1 spell: Kiss of Death
  1465 | D:2      | Reached XP level 4. HP: 28/31 MP: 0/0
  2031 | D:3      | Gained mutation: Your body sometimes deteriorates upon
                  | taking damage. [potion of mutation]
  2031 | D:3      | Gained mutation: You are occasionally teleported next to
                  | monsters. [potion of mutation]
  2031 | D:3      | Gained mutation: You are robust. (+10% HP) [potion of
                  | mutation]
  2164 | D:3      | Found a shadowy altar of Dithmenos.
  2204 | D:3      | Found a faded altar of an unknown god.
  2207 | D:3      | Found a sacrificial altar of Ru.
  2279 | D:3      | Found Rakhlo's Weapon Shop.
  2939 | D:4      | Reached XP level 5. HP: 15/38 MP: 0/0
  2939 | D:4      | Learned a level 2 spell: Scorch
  3113 | D:4      | Reached skill level 5 in Spellcasting
  3195 | D:4      | Identified the ring of Puwuyry Oxia {AC+4 Dex+6}
  3491 | D:4      | Noticed Blork the orc
  3496 | D:4      | Killed Blork the orc
  3497 | D:4      | Reached XP level 6. HP: 31/44 MP: 0/0
  3587 | D:4      | Found a snail-covered altar of Cheibriados.
  3661 | D:4      | Noticed an ogre
  3668 | D:4      | Killed an ogre
  3757 | D:5      | Entered Level 5 of the Dungeon
  3771 | D:5      | Reached XP level 7. HP: 40/49 MP: 0/0
  3771 | D:5      | Learned a level 2 spell: Static Discharge
  3989 | D:5      | Lost mutation: Your body sometimes deteriorates upon taking
                  | damage. [potion of mutation]
  3989 | D:5      | Lost mutation: You are robust. (+10% HP) [potion of
                  | mutation]
  3989 | D:5      | Lost mutation: You are occasionally teleported next to
                  | monsters. [potion of mutation]
  3989 | D:5      | Gained mutation: You passively map a small area around you.
                  | [potion of mutation]
  3989 | D:5      | Gained mutation: You have supernaturally acute eyesight.
                  | (SInv) [potion of mutation]
  4194 | D:5      | Reached XP level 8. HP: 24/50 MP: 0/0
  4450 | D:5      | Found a sparkling altar of Nemelex Xobeh.
  4452 | D:5      | Found a glowing golden altar of the Shining One.
  4458 | D:5      | Reached skill level 1 in Fighting
  4706 | D:5      | Found a hazy altar of Hepliaklqana.
  4786 | D:5      | Found an ornate altar of the Wu Jian Council.
  5087 | D:6      | Reached XP level 9. HP: 35/60 MP: 0/0
  5087 | D:6      | Learned a level 4 spell: Sticky Flame
  5310 | D:6      | Noticed Grinder
  5371 | D:6      | Killed Grinder
  5678 | D:6      | Reached skill level 5 in Dodging
  5751 | D:6      | Found Eothreh's Eclectic Emporium.
  5848 | D:6      | Found a blossoming altar of Fedhas.
  5856 | D:6      | Found a runed translucent door.
  5858 | D:6      | Noticed LnG's ghost (novice KoSu)
  5858 | D:6      | Noticed Prince Ribbit
  5867 | D:6      | Killed Prince Ribbit
  5872 | D:6      | Reached XP level 10. HP: 46/69 MP: 0/0
  6021 | D:6      | Reached skill level 5 in Fighting
  6451 | D:6      | Found a staircase to the Ecumenical Temple.
  6551 | Temple   | Entered the Ecumenical Temple
  6768 | D:7      | Found a runed translucent door.
  6774 | D:7      | Found a basalt altar of Yredelemnul.
  6806 | D:7      | Noticed a gargoyle
  6819 | D:7      | Killed a gargoyle
  7295 | D:7      | Found a glowing silver altar of Zin.
  7545 | D:8      | Noticed Joseph
  7562 | D:8      | Killed Joseph
  7690 | D:8      | Reached skill level 10 in Spellcasting
  9403 | D:9      | Found a burning altar of Makhleb.
  9413 | D:9      | Became a worshipper of Makhleb the Destroyer
  9541 | D:9      | Reached XP level 11. HP: 62/78 MP: 0/0
  9541 | D:9      | Learned a level 5 spell: Irradiate
 10471 | D:10     | Entered Level 10 of the Dungeon
 10557 | D:10     | Found a flagged portal.
 10559 | D:10     | Reached * piety under Makhleb
 10564 | Bailey   | Entered a bailey
 10637 | Bailey   | Reached ** piety under Makhleb
 11012 | Bailey   | Noticed an orc warlord
 11015 | Bailey   | Noticed an orc knight
 11024 | Bailey   | Killed an orc knight
 11024 | Bailey   | Killed an orc warlord
 11188 | Bailey   | Identified the +1 chain mail "Toilebus" {Dex+5}
 11211 | Bailey   | Acquired the +13 crystal plate armour of Orim {*Corrode
                  | rPois Will- Str+7}
 11301 | D:10     | Found a staircase to the Lair.
 11361 | D:10     | Reached skill level 1 in Armour
 11548 | D:10     | Reached XP level 12. HP: 82/86 MP: 0/0
 11549 | D:10     | Noticed a soul eater
 11550 | D:10     | Noticed a sun demon
 11556 | D:10     | Reached skill level 2 in Armour
 11885 | D:10     | Noticed Maurice
 11937 | D:10     | Killed Maurice
 12078 | D:10     | Reached skill level 3 in Armour
 12203 | D:10     | Reached *** piety under Makhleb
 12431 | D:11     | Found a staircase to the Orcish Mines.
 12469 | D:11     | Noticed Grum
 12471 | D:11     | Reached skill level 4 in Armour
 12474 | D:11     | Killed Grum
 12686 | D:11     | Found a white marble altar of Elyvilon.
 13006 | D:11     | Reached skill level 5 in Armour
 13006 | D:11     | Found a gateway to a bazaar.
 13251 | Bazaar   | Entered a bazaar
 13256 | Bazaar   | Found Suteni's Armour Shop.
 13270 | Bazaar   | Found Vallirid's General Store.
 13275 | Bazaar   | Bought a potion of resistance for 150 gold pieces
 13287 | Bazaar   | Found Pann's Antique Weapon Boutique.
 13287 | Bazaar   | Found Par Zes's Jewellery Shop.
 13349 | Bazaar   | Bought a scroll of silence for 142 gold pieces
 13349 | Bazaar   | Bought a scroll of fear for 60 gold pieces
 13362 | Bazaar   | Bought a ring of willpower for 225 gold pieces
 13687 | D:12     | Noticed a two-headed ogre
 13693 | D:12     | Killed a two-headed ogre
 13694 | D:12     | Reached skill level 6 in Armour
 13867 | D:12     | Found a runed translucent door.
 13907 | D:12     | Noticed Urug
 13931 | D:12     | Killed Urug
 14030 | D:12     | Noticed Erolcha
 14047 | D:12     | Killed Erolcha
 14048 | D:12     | Reached skill level 7 in Armour
 14069 | D:12     | Reached **** piety under Makhleb
 14077 | D:12     | Reached XP level 13. HP: 82/93 MP: 0/0
 14077 | D:12     | Learned a level 5 spell: Silence
 14261 | D:12     | Reached skill level 8 in Armour
 14593 | D:12     | Noticed lokiplouj's ghost (journeyman MiBe)
 14596 | D:12     | Identified the +9 trident of Mitej {venom, Int+4}
 14642 | Orc:1    | Entered Level 1 of the Orcish Mines
 15218 | Orc:2    | Entered Level 2 of the Orcish Mines
 15236 | Orc:2    | Noticed an ogre mage
 15239 | Orc:2    | Noticed an ogre mage
 15240 | Orc:2    | Reached skill level 9 in Armour
 15241 | Orc:2    | Noticed an ogre mage
 15242 | Orc:2    | Reached ***** piety under Makhleb
 15246 | Orc:2    | Killed an ogre mage
 15248 | Orc:2    | Killed an ogre mage
 15249 | Orc:2    | Reached skill level 10 in Armour
 15250 | Orc:2    | Killed an ogre mage
 15253 | Orc:2    | Noticed an ogre mage
 15261 | Orc:2    | Killed an ogre mage
 15262 | Orc:2    | Reached skill level 11 in Armour
 15266 | Orc:2    | Reached XP level 14. HP: 98/99 MP: 0/0
 15270 | Orc:2    | Found Jaxki's Antique Armour Shoppe.
 15270 | Orc:2    | Found Sefog's Weapon Boutique.
 15271 | Orc:2    | Found Ugiuniu's Armour Shop.
 15271 | Orc:2    | Found Mapsoumi's Weapon Shoppe.
 15309 | Orc:2    | Found Dufu's Overcharged Wands.
 15777 | D:3      | Bought a +4 executioner's axe of venom for 442 gold pieces
 15975 | D:6      | Killed LnG's ghost
 16214 | Orc:2    | Reached skill level 1 in Axes
 16480 | Orc:2    | Found a staircase to the Elven Halls.
 16928 | Lair:1   | Entered Level 1 of the Lair of Beasts
 16928 | Lair:1   | Found the +7 Kryia's mail coat {PotionHeal*2 rC+}
 16945 | Lair:1   | Noticed Nergalle
 16954 | Lair:1   | Killed Nergalle
 17318 | Lair:1   | Reached skill level 12 in Armour
 18442 | Lair:2   | Found a hole to the Spider Nest.
 18454 | Lair:2   | Reached skill level 13 in Armour
 19387 | Lair:3   | Identified the +9 flail "Febetaes" {vorpal, *Corrode rElec
                  | rN+}
 19783 | Lair:3   | Found a staircase to the Shoals.
 20072 | Lair:3   | Identified the amulet of Qunutec {Spirit *Slow Int+6}
 20187 | Lair:4   | Reached ****** piety under Makhleb
 20198 | Lair:4   | Found the +10 zealot's sword {holy, *Rage rN+ EV+3}
 20481 | Lair:4   | Reached skill level 14 in Armour
 20652 | Lair:4   | Identified the +3 buckler of Jeilatt {rElec Str+3}
 20981 | Lair:5   | Entered Level 5 of the Lair of Beasts
 20989 | Lair:5   | Reached XP level 15. HP: 84/103 MP: 0/0
 20989 | Lair:5   | Learned a level 6 spell: Summon Cactus Giant
 20990 | Lair:5   | Reached skill level 5 in Axes
 21081 | Lair:5   | Found a runed translucent door.
 21091 | Lair:5   | Reached XP level 16. HP: 110/110 MP: 0/0
 21435 | Lair:5   | Reached skill level 15 in Armour
 21842 | Lair:5   | Found a viscous altar of Jiyva.
 21842 | Lair:5   | Found a staircase to the Slime Pits.
 21844 | Lair:5   | Identified the +8 hand axe of Reasonable Innocence
                  | {protect, Fragile rPois Str+10}
 22254 | D:13     | Noticed Rupert
 22971 | D:14     | Found a runed translucent door.
 22977 | D:14     | Found the +10 tower shield of Ignorance {rN+ Int-4}
 22983 | D:14     | Found a runed translucent door.
 23151 | D:14     | Found a gate to the Vaults.
 23541 | D:15     | Entered Level 15 of the Dungeon
 23580 | D:15     | Reached skill level 16 in Armour
 23694 | D:15     | Found an ornate altar of the Wu Jian Council.
 24070 | D:15     | Found a staircase to the Depths.
 24578 | Spider:1 | Entered Level 1 of the Spider Nest
 24578 | Spider:1 | You are sucked into a shaft and drop 1 floor!
 24585 | Spider:2 | Reached XP level 17. HP: 84/114 MP: 0/0
 24585 | Spider:2 | Learned a level 6 spell: Death Channel
 24801 | Spider:2 | Reached skill level 17 in Armour
 25372 | Spider:3 | Reached skill level 10 in Axes
 26112 | Spider:4 | Entered Level 4 of the Spider Nest
 27386 | Shoals:1 | Entered Level 1 of the Shoals
 27460 | Shoals:1 | Identified the +8 scimitar of the Grinning Gods {freeze,
                  | *Slow Int+7 Dex+2}
 27524 | Shoals:1 | Reached XP level 18. HP: 100/122 MP: 0/0
 28464 | Shoals:2 | Reached skill level 18 in Armour
 28538 | Shoals:2 | Reached skill level 15 in Spellcasting
 29143 | Shoals:3 | You are sucked into a shaft and drop 1 floor!
 29143 | Shoals:4 | Entered Level 4 of the Shoals
 29144 | Shoals:4 | Paralysed by an air elemental for 1 turns
 29147 | Shoals:4 | Paralysed by an air elemental for 1 turns
 29177 | Shoals:4 | Killed from afar by a merfolk aquamancer

Illustrated notes

Levels and vault maps discovered:
D:1:      wander_arrival_fairy_ring, layout_basic
D:2:      minmay_roachtagon, layout_basic
D:3:      layout_basic, nicolae_overflow_ecumenical_swirl,
          mainiacjoe_overflow_tiny_flanked, serial_shops,
          nicolae_shop_bloodbath_and_beyond
D:4:      cheibrodos_greedy_goblins, layout_rooms,
          nicolae_overflow_hidden_temple, cheibrodos_worm_habitat,
          hangedman_abyss_or_decor_lesser_grid, uniq_blork_the_orc
D:5:      minmay_opposing_rooms, layout_rooms, kennysheep_little_box,
          mainiacjoe_overflow_six_doors_small, grunt_temple_overflow_open
D:6:      minmay_polygon_palace, layout_loops_ring, fedhas_altar_3,
          minmay_temple_entry_junction, ebering_ghost_reflecting_pool,
          kennysheep_minor_cross, nicolae_alphabet_shops, uniq_prince_ribbit1,
          uniq_grinder
D:7:      layout_cave_pods, kennysheep_mini, dk_yredelemnul_ordeal
D:8:      layout_basic, nicolae_vehumet_altar_sigil, minmay_misc_feat_plants,
          minmay_misc_feat_encased, uniq_joseph
D:9:      layout_basic, demons_altar, minmay_quadrilaterals
D:10:     layout_stronghold, lair_entry_dummy, enter_bailey_3,
          dk_noncrumbling_4, uniq_maurice
D:11:     layout_roguey, orc_0_dummy, serial_shops, statue_bzr,
          nrook_mini_backslash, serial_park_tiny_1,
          nicolae_elyvilon_temple_path, uniq_grum
D:12:     layout_irregular_city, ebering_ghost_funeral_grove, uniq_urug,
          uniq_erolcha
D:13:     lemuel_ice_spiral_2, layout_stronghold,
          nicolae_trove_entry_free_sample, uniq_rupert
D:14:     layout_rooms, david_vaults_1, chequers_serial_rivers_micro_d,
          chequers_guarded_unrand_ignorance
D:15:     gammafunk_enter_depths_forms, layout_basic, nzn_wu_jian_council_hall,
          minmay_misc_feat_secret_circle
Temple:   hellmonk_temple_flake
Lair:1:   layout_gridlike, wad_woods_01, uniq_nergalle
Lair:2:   layout_regular_city, hellmonk_spider_entry_life_and_decay,
          serial_bayou_crossing
Lair:3:   layout_cave_pods, elwin_shoals_entry_rooms, worms_lemuel,
          grunt_megastairs_1
Lair:4:   layout_regular_city, ice2_lemuel, wad_woods_river_01
Lair:5:   wormcave, layout_cave_pods, dpeg_slime_entry_enclosed,
          grunt_megastairs_2, infiniplex_staircase_pool
Shoals:1: layout_shoals
Shoals:2: layout_shoals
Shoals:3: layout_shoals
Shoals:4: shoals_end_hellmonk_storm_palace [storm_palace_center_square,
          storm_palace_corner_reverse_hut, storm_palace_corner_blocked,
          storm_palace_corner_reverse_hut, storm_palace_corner_narrow]
Spider:1: layout_spider_delve, lemuel_hornet_nest
Spider:2: layout_spider_delve, nicolae_spider_nooks_and_crannies
Spider:3: layout_spider_delve
Spider:4: grunt_spider_rune_parallel
Orc:1:    layout_diamond_mine, roderic_batcave
Orc:2:    st_orc_ogre_mass, layout_caves, nicolae_shop_overcharged_wands

Skill      XL: |  1  2  3  4  5  6  7  8  9 10 11 12 13 14 15 16 17 18 |
---------------+-------------------------------------------------------+-----
Spellcasting   | 4 5 6 7 8 9 10 11 12 13 14 15 | 15.2
Fighting       | 3 4 6 8 9 |  9.0
Dodging        | 3 5 7 8 |  8.8
Armour         | 1 7 11 14 16 17 18 | 18.3
Axes           | 4 7 9 10 | 10.4
Stealth        | |  1.5

Action                   |  1- 3 |  4- 6 |  7- 9 | 10-12 | 13-15 | 16-18 || total
-------------------------+-------+-------+-------+-------+-------+-------++-------
Melee: Unarmed           |       |       |     4 |       |       |       ||     4
       Dagger            |       |       |       |    25 |     3 |       ||    28
       Punch             |       |       |       |     1 |       |       ||     1
       Executioner's axe |       |       |       |       |   107 |   297 ||   404
 Cast: Magic Dart        |    85 |    89 |    48 |    19 |       |       ||   241
       Searing Ray       |     1 |    12 |     4 |       |       |       ||    17
       Fulminant Prism   |       |     1 |       |     8 |     8 |    43 ||    60
       Iskenderun's Myst |       |       |    68 |   217 |   192 |   249 ||   726
       Sticky Flame      |       |       |       |     1 |       |       ||     1
       Dazzling Flash    |       |       |       |       |       |     4 ||     4
       Irradiate         |       |       |       |       |       |     1 ||     1
       Death Channel     |       |       |       |       |       |     3 ||     3
       Summon Cactus Gia |       |       |       |       |       |     1 ||     1
       Scorch            |       |       |       |       |       |     1 ||     1
       Silence           |       |       |       |       |       |     2 ||     2
Evoke: Wand              |       |       |       |       |       |     2 ||     2
  Use: Scroll            |       |     5 |       |     9 |    10 |    14 ||    38
       Potion            |       |     1 |     1 |     7 |     1 |     4 ||    14
 Stab: Distracted        |       |       |       |       |     1 |     6 ||     7
Armor: Robe              |     9 |     6 |     4 |    17 |       |       ||    36
       Chain mail        |       |       |       |    33 |    19 |       ||    52
       Crystal plate arm |       |       |       |       |   194 |   586 ||   780
Dodge: Dodged            |    17 |     7 |    14 |    99 |    83 |   256 ||   476

Table legend: (Time is in decaauts)
 A = Elapsed time spent in this place.
 B = Non-inter-level travel time spent in this place.
 C = Inter-level travel time spent in this place.
 D = Time resting spent in this place.
 E = Time spent auto-exploring this place.
 F = Levels seen in this place.
 G = Mean time per level.
                   A        B        C        D        E       F      G
               +--------+--------+--------+--------+--------+-----+--------+
         Total |  29395 |  27347 |   2048 |   2861 |  19459 |  33 |  890.8 |
       Dungeon |  16568 |  15230 |   1338 |   1514 |  11334 |  15 | 1104.5 |
        Temple |    152 |    144 |      8 |      0 |    134 |   1 |  152.0 |
          Lair |   5570 |   5220 |    350 |    307 |   4011 |   5 | 1114.0 |
        Shoals |   1832 |   1814 |     18 |    118 |   1164 |   4 |  458.0 |
   Spider Nest |   2776 |   2655 |    121 |    447 |   1509 |   4 |  694.0 |
  Orcish Mines |   1659 |   1448 |    211 |     78 |   1153 |   2 |  829.5 |
        Bazaar |    139 |    139 |      0 |      0 |     83 |   1 |  139.0 |
        Bailey |    695 |    695 |      0 |    396 |     71 |   1 |  695.0 |
               +--------+--------+--------+--------+--------+-----+--------+

Top non-repeatable levels by time:
     D:6: 1682 daAuts
     D:8: 1606 daAuts
     D:9: 1384 daAuts
     D:5: 1341 daAuts
    D:10: 1312 daAuts
    D:12: 1279 daAuts
  Lair:2: 1250 daAuts
  Lair:3: 1196 daAuts
  Lair:5: 1193 daAuts
    D:11: 1145 daAuts
Spider:1: 1048 daAuts
     D:1: 1003 daAuts
     D:2: 988 daAuts
  Lair:1: 986 daAuts
Shoals:1: 973 daAuts
